AoeStats
← MatzeAoE

MegaRandom

505481643Analyzed
1v1 RM · 23d ago on Sep 9, 2026· 48m 2s· 2 players
Game mode
Random Map
Map size
Tiny (2 player)
Population
200
Speed
Normal
Resources
Standard
Victory
Conquest
Starting age
Dark Age
Ending age
Imperial Age
RankedLock teamsTeams togetherTeam positionsShared explorationLock speedFull tech treeHidden civsTurbo modeCheats
Victory
Defeat
🇩🇪 Mongols · Germany
2081
+10
🇫🇷 Mongols · France
1943
-10
MatzeAoE
10:24 Loom
12:31 Feudal Age
13:04 Double-Bit Axe
16:58 Castle Age
14:42 Fishing Lines
18:12 Bow Saw
18:40 Wheelbarrow
17:57 Gillnets
19:36 Forging
19:48 Medium Warships
21:07 Iron Casting
21:00 Horse Collar
22:34 Town Watch
26:10 Town Patrol
26:26 Hand Cart
30:54 Imperial Age
32:53 Chemistry
32:15 Ballistics
31:47 Fletching
31:58 Padded Archer Armor
32:27 Shipwright
32:31 Ballistics
32:24 Clinker Construction
32:09 Gold Mining
32:09 Stone Mining
32:47 Heavy Warships
33:28 Bodkin Arrow
34:45 Bracer
38:39 Blast Furnace
38:28 Careening
39:38 Siege Engineers
41:56 Carvel Hull
41:42 Siphons
45:10 Gold Shaft Mining
47:02 Drill
46:57 Scale Barding Armor
48:19 Chain Barding Armor
Rododino
11:46 Feudal Age
12:02 Loom
12:18 Double-Bit Axe
15:45 Castle Age
15:12 Gold Mining
16:59 Medium Warships
18:18 Siphons
21:00 Horse Collar
22:07 Fletching
23:29 Wheelbarrow
24:04 Bodkin Arrow
25:26 Hand Cart
26:21 Town Watch
27:26 Bow Saw
32:42 Imperial Age
30:45 Masonry
31:23 Careening
32:22 Padded Archer Armor
33:51 Ballistics
34:08 Heavy Warships
33:47 Bracer
35:20 Chemistry
35:26 Clinker Construction
36:30 Stone Mining
37:05 Conscription
38:30 Demolition Ship
39:38 Carvel Hull
40:01 Shipwright
39:51 Siege Engineers
41:35 Shipwright
41:09 Demolition Ship
42:09 Heavy Demolition Ship
45:09 Hoardings
45:17 Heavy Plow
47:52 Gold Shaft Mining
Connection lost

Rejoining the realm…

Still unreachable

The connection could not be restored.

Session expired

The server has moved on; the page needs a fresh start.